Map: Eternal Empire LE

Players

AqueroN - Winner!

  • Race: Terran Terran
  • League: Master
  • Spawn Location: 1:00

Denver

  • Race: Zerg Zerg
  • League: Grandmaster
  • Spawn Location: 7:00

Event: DreamHack SC2 Masters 2020 Fall

VOD

Have the link to the VOD?

Description

Time

  • Played on: Sept. 2, 2020, 2:31 p.m.
  • Length: 11:54

All games in this series

Show
View Real Time Build Order
Export as new Build Order

AqueroN Terran - Winner!

Build Orders: Reaper Expand 

Get SALT Encoding   

  12  0:00  SCV  
  13  0:12  SCV  
  14  0:17  Supply Depot  
  14  0:24  SCV  
  15  0:38  SCV  
  15  0:40  Barracks  
  16  0:44  Refinery  
  16  0:50  SCV  
  17  1:02  SCV  
  18  1:14  SCV  
  19  1:26  Reaper  
  19  1:27  Orbital Command  
  20  1:40  Command Center  
  20  1:51  Supply Depot  
  20  1:52  SCV  
  21  1:58  Marine  
  22  2:04  SCV  
  23  2:15  Factory  
  23  2:16  SCV  
  23  2:22  Barracks Reactor  
  24  2:28  SCV  
  25  2:40  SCV  
  26  2:45  Command Center  
  26  2:53  SCV, Orbital Command  
  27  3:03  Starport  
  27  3:09  Hellion  
  29  3:13  Hellion  
  29  3:16  SCV  
  32  3:20  SCV  
  32  3:24  Refinery  
  33  3:28  SCV  
  33  3:31  Hellion  
  36  3:35  Hellion  
  36  3:37  SCV  
  39  3:44  SCV  
  39  3:46  Viking  
  42  3:49  SCV  
  42  3:53  Hellion  
  45  3:56  SCV  
  46  4:04  Hellion, Orbital Command  
  46  4:05  SCV  
  46  4:08  SCV  
  50  4:15  Supply Depot  
  50  4:17  SCV  
  50  4:18  Supply Depot  
  50  4:20  SCV, Liberator  
  50  4:22  Barracks Tech Lab  
  55  4:25  Hellion  
  55  4:28  Hellion  
  59  4:33  SCV x2  
  59  4:36  SCV  
  62  4:41  Stimpack  
  62  4:45  SCV x2  
  64  4:52  SCV  
  65  4:57  SCV  
  65  4:58  SCV  
  65  5:04  SCV  
  65  5:06  Barracks  
  60  5:09  SCV, Starport Reactor  
  60  5:11  SCV  
  60  5:12  Engineering Bay  
  60  5:13  Engineering Bay, Barracks  
  62  5:16  SCV  
  62  5:20  Orbital Command  
  63  5:21  SCV  
  63  5:23  Supply Depot  
  63  5:25  SCV  
  63  5:28  Refinery x2  
  65  5:33  SCV  
  65  5:34  Barracks x2  
  64  5:37  SCV  
  64  5:40  Factory Reactor  
  64  5:42  Terran Infantry Weapons Level 1, Terran Infantry Armor Level 1  
  65  5:45  SCV x2  
  65  5:49  SCV  
  68  5:50  Marine  
  69  5:57  Supply Depot x2, Marine x2  
  69  5:58  SCV  
  72  6:07  SCV x2  
  72  6:08  Marine  
  72  6:10  SCV  
  76  6:15  Marine x2  
  76  6:16  Marine x2  
  80  6:20  SCV x2  
  80  6:22  SCV  
  80  6:24  Barracks Reactor  
  80  6:25  Barracks Reactor  
  83  6:26  Marine  
  83  6:28  Medivac x2, Barracks  
  83  6:29  Combat Shield  
  83  6:30  Barracks x2  
  85  6:32  Marine  
  85  6:33  SCV x2, Marine  
  85  6:34  SCV, Marine  
  85  6:35  Factory Tech Lab  
  85  6:39  Supply Depot  
  91  6:40  Supply Depot  
  91  6:42  Supply Depot  
  91  6:43  Marine  
  91  6:44  Marine  
  91  6:47  SCV x3  
  95  6:50  Marine  
  95  6:52  Marine x2  
  99  6:54  Armory  
  99  6:58  Supply Depot  
  99  7:01  Marine  
  99  7:02  Marine  
  99  7:03  Siege Tank  
  99  7:06  SCV, Supply Depot  
  99  7:07  SCV x2  
  99  7:08  Marine  
  106  7:09  Marine  
  106  7:10  Marine x2  
  106  7:11  Marine x2  
  106  7:13  Supply Depot  
  112  7:16  Marine  
  112  7:19  Marine  
  112  7:20  Medivac x2, Marine  
  112  7:21  Barracks Reactor x2  
  112  7:22  Barracks Reactor  
  119  7:27  Marine x3  
  119  7:28  Marine  
  123  7:34  Refinery  
  123  7:37  Marine x3  
  123  7:38  Marine x2  
  123  7:39  Siege Tank  
  130  7:44  Terran Infantry Armor Level 2  
  130  7:45  Marine x3  
  130  7:47  Marine  
  134  7:53  Medivac  
  134  7:55  Marine x4  
  134  7:56  Marine  
  134  7:58  Refinery  
  141  8:00  Marine x5  
  141  8:02  Command Center  
  146  8:12  Marine x2, Siege Tank  
  144  8:13  Marine x3  
  144  8:19  Terran Infantry Weapons Level 2  
  147  8:20  Factory  
  147  8:24  Marine x2  
  149  8:28  Marine x2  
  149  8:29  Marine x6  
  149  8:30  Marine x4  
  156  8:35  Missile Turret  
  156  8:36  Supply Depot  
  156  8:37  Supply Depot, Medivac x2  
  160  8:42  Missile Turret  
  160  8:43  Missile Turret, Marine x2  
  160  8:44  Marine  
  163  8:48  Marine  
  163  8:49  Marine  
  163  8:50  Marine  
  165  8:57  Marine x7  
  165  8:59  Marine x2  
  165  9:01  Marine  
  175  9:03  Siege Tank  
  175  9:08  Factory Reactor  
  175  9:09  Supply Depot  
  178  9:10  Marine x3  
  178  9:12  Marine  
  178  9:15  Marine  
  183  9:17  Marine x4  
  183  9:24  Marine x2  
  187  9:26  Missile Turret, Marine x2  
  187  9:27  Marine  
  187  9:30  Marine x3  
  192  9:33  Marine  
  192  9:34  Marine x2  
  192  9:35  Marine  
  192  9:36  Marine  
  192  9:37  Marine  
  188  9:45  Marine x6  
  190  9:47  Marine  
  190  9:50  Marine x2  
  190  9:51  Marine x2  
  197  9:58  Marine  
  197  9:59  Marine x3  
  196  10:03  Marine x5  
  196  10:06  Planetary Fortress  
  200  10:10  Marine x2  
  200  10:12  Marine  
  200  10:13  Marine x2  
  195  10:16  Marine  
  195  10:19  Marine x2  
  195  10:20  Marine x2  
  189  10:25  Marine  
  189  10:26  Marine x2  
  190  10:32  Marine x2  
  190  10:33  Marine  
  190  10:34  Marine x2  
  190  10:35  Marine x2  
  193  10:40  Marine x2  
  193  10:41  Marine x2  
  196  10:44  Marine x2  
  196  10:49  Marine  
  190  10:50  Marine  
  190  10:51  Marine x3  
  190  10:53  Marine x2  
  190  10:54  Marine x2  
  193  10:59  Marine x3  
  193  11:02  Marine  
  193  11:03  Marine x2  
  189  11:10  Marine, Siege Tank  
  161  11:13  Marine x2  
  161  11:18  Marine  
  164  11:20  Marine x4  
  164  11:24  Widow Mine  
  164  11:25  Marine x2  
  171  11:27  Marine x2  
  169  11:35  Marine  
Show
View Real Time Build Order
Export as new Build Order

Denver Zerg 

Build Orders: Hatch First, Muta Ling Bane 

Get SALT Encoding   

  12  0:01  Drone  
  13  0:12  Overlord  
  13  0:17  Drone  
  14  0:31  Drone x2  
  16  0:48  Hatchery  
  15  0:52  Drone  
  15  0:55  Drone  
  17  1:00  Drone  
  18  1:09  Extractor  
  17  1:16  Spawning Pool  
  16  1:19  Drone  
  16  1:23  Drone  
  18  1:28  Drone  
  19  1:39  Drone  
  20  1:50  Overlord  
  20  2:03  Queen x2  
  20  2:04  Zergling x2  
  20  2:05  Zergling x2  
  26  2:12  Metabolic Boost  
  27  2:15  Drone  
  27  2:18  Drone  
  28  2:24  Drone x2  
  28  2:28  Extractor  
  29  2:33  Drone x2  
  31  2:49  Hatchery  
  31  2:51  Drone  
  32  2:57  Overlord  
  32  2:58  Drone  
  33  3:02  Drone  
  34  3:08  Drone x2  
  36  3:14  Overlord  
  36  3:17  Drone x3  
  39  3:20  Pneumatized Carapace  
  39  3:23  Overlord  
  39  3:30  Queen  
  41  3:38  Drone x3  
  44  3:42  Drone  
  44  3:43  Drone x2  
  44  3:47  Drone  
  48  3:53  Zergling x2, Baneling Nest  
  48  4:03  Queen x2  
  48  4:04  Drone x2  
  54  4:10  Queen  
  54  4:13  Overlord  
  54  4:15  Zergling x4  
  58  4:20  Overlord  
  58  4:21  Drone  
  58  4:22  Drone  
  60  4:24  Drone  
  60  4:25  Drone  
  60  4:28  Overlord  
  60  4:31  Overlord  
  62  4:35  Spore Crawler  
  61  4:40  Drone x5  
  61  4:44  Lair  
  66  4:49  Spore Crawler, Drone  
  66  4:52  Zergling x2, Spore Crawler  
  63  4:53  Zergling x2  
  58  5:04  Drone x6  
  57  5:08  Drone x2  
  57  5:12  Drone x2  
  57  5:13  Drone  
  62  5:16  Drone x2  
  62  5:18  Drone  
  65  5:23  Drone x3  
  65  5:24  Drone  
  65  5:27  Drone, Extractor x2  
  68  5:30  Drone  
  68  5:32  Drone  
  70  5:35  Extractor  
  70  5:41  Drone  
  69  5:43  Drone x3  
  69  5:44  Hatchery  
  69  5:48  Centrifical Hooks  
  68  5:54  Drone x3  
  68  5:55  Drone  
  72  5:57  Drone  
  72  5:58  Drone  
  72  6:04  Zergling x10  
  78  6:10  Zergling x2  
  80  6:15  Drone x2  
  83  6:18  Drone x4  
  83  6:19  Evolution Chamber  
  83  6:20  Evolution Chamber, Extractor  
  83  6:24  Drone x3  
  82  6:26  Zergling x4  
  82  6:32  Drone x2  
  83  6:33  Drone  
  83  6:34  Baneling x5  
  84  6:42  Overlord, Spire  
  84  6:45  Zergling x2  
  84  6:46  Zergling x2  
  85  6:48  Zerg Melee Weapons Level 1  
  85  6:50  Drone  
  85  6:52  Zergling x6  
  88  6:56  Overlord x2  
  88  7:00  Zerg Ground Armor Level 1  
  88  7:04  Drone x4  
  88  7:05  Drone  
  94  7:08  Drone x2  
  94  7:09  Drone, Extractor  
  94  7:11  Baneling x2  
  94  7:14  Zergling x6  
  98  7:19  Zergling x2  
  98  7:20  Zergling x8  
  102  7:30  Zergling x18  
  102  7:33  Overlord  
  111  7:38  Zergling x2  
  111  7:39  Zergling x8  
  111  7:44  Overlord  
  116  7:51  Overlord  
  116  7:54  Mutalisk  
  116  7:55  Mutalisk x5  
  128  8:01  Overlord  
  128  8:05  Overlord  
  127  8:07  Overlord  
  127  8:09  Mutalisk  
  127  8:10  Mutalisk x3  
  132  8:13  Drone x3  
  132  8:16  Unknown  
  134  8:20  Baneling  
  134  8:21  Baneling x4  
  134  8:22  Drone  
  134  8:23  Drone x5  
  139  8:31  Zerg Flyer Weapons Level 1  
  138  8:34  Baneling  
  138  8:35  Baneling x3  
  138  8:37  Hatchery, Zergling x2  
  138  8:38  Zergling x4  
  140  8:47  Zerg Melee Weapons Level 2  
  140  8:48  Zergling x14  
  144  8:49  Zergling x2  
  144  8:50  Baneling x3  
  144  8:52  Mutalisk  
  144  8:54  Overlord  
  150  8:57  Overlord  
  150  9:01  Zerg Ground Armor Level 2  
  150  9:05  Baneling x6  
  150  9:07  Mutalisk  
  150  9:09  Overlord  
  152  9:13  Mutalisk x2  
  152  9:15  Overlord x2  
  152  9:16  Baneling  
  152  9:17  Baneling  
  156  9:20  Zergling x2  
  156  9:21  Zergling x8  
  160  9:35  Mutalisk x4  
  160  9:37  Zergling x6  
  160  9:38  Zergling x12  
  167  9:42  Drone x3  
  165  9:46  Baneling x8  
  165  9:48  Zergling x10  
  165  9:52  Baneling x6  
  170  10:02  Zergling x10  
  170  10:03  Zergling x8  
  170  10:04  Baneling Nest  
  174  10:07  Mutalisk  
  174  10:08  Mutalisk x2  
  176  10:15  Zergling x10  
  176  10:16  Zergling x6  
  177  10:24  Zergling x6  
  177  10:25  Zergling x14  
  182  10:31  Mutalisk x3  
  163  10:50  Zergling x34  
  163  10:55  Baneling x11  
  146  11:10  Zergling x10  
  146  11:11  Zergling x8  
  121  11:13  Baneling x9  
  120  11:20  Mutalisk x4  
  123  11:27  Mutalisk x2  
  122  11:35  Zergling x12  

Tags
 
Add a new tag
Caveats
  • Supply blocks, unpowered buildings, or Contaminate may cause inaccurate times.
  • Supply counts are checked every 10 seconds.